 Dungeon Crawl Stone Soup version 0.21-a0-43-g1479571 (webtiles) character file.

721 GlassEater the Digger (level 8, -4/38 HPs)
             Began as a Kobold Earth Elementalist on June 7, 2017.
             Slain by a gnoll
             ... wielding a +0 flail
              (14 damage)
             ... on level 5 of the Dungeon.
             The game lasted 00:19:00 (6322 turns).

GlassEater the Digger (Kobold Earth Elementalist)   Turns: 6322, Time: 00:19:00

Health: -4/38      AC:  5    Str:  5    XL:     8   Next: 2%
Magic:  24/24      EV:  8    Int: 19    God:
Gold:   200        SH:  0    Dex: 15    Spells: 1/16 levels left

rFire    . . .     SeeInvis .   h - +1 short sword (vamp)
rCold    . . .     Gourm    .   (shield restricted)
rNeg     . . .     Faith    .   c - +0 robe
rPois    .         Spirit   .   (no helmet)
rElec    .         Reflect  .   (no cloak)
rCorr    .         Harm     .   f - +0 pair of gloves
MR       .....                  (no boots)
Stlth    ++++......             (no amulet)
Regen    0.2/turn               g - ring of stealth
MPRegen  0.2/turn               s - ring of magical power

@: about to teleport, held
A: iridescent scales 1, carnivore 3, frail 1
a: no special abilities


You were on level 5 of the Dungeon.
You were completely stuffed.

You visited 1 branch of the dungeon, and saw 5 of its levels.

You collected 200 gold pieces.

Inventory:

Hand Weapons
 h - a +1 vampiric short sword (weapon)
Missiles
 b - 9 stones (quivered)
Armour
 c - a +0 robe (worn)
 f - a +0 pair of gloves (worn)
 k - a +0 shield
Jewellery
 a - an uncursed ring of poison resistance
 g - a ring of stealth (left hand)
 o - an uncursed ring of ice
 s - a ring of magical power (right hand)
Wands
 v - a wand of scattershot (4/9)
Scrolls
 i - 2 scrolls of recharging {unknown}
 j - a scroll of fear {unknown}
 l - 3 scrolls of teleportation
 m - 5 scrolls of remove curse
Potions
 p - 2 potions of berserk rage
 r - a potion of agility
 t - a potion of lignification {unknown}
Books
 e - a book of Geomancy

   Spells                             Type                      Level
   a - Sandblast                      Earth                        1
   b - Passwall                       Transmutation/Earth          2
   c - Stone Arrow                    Conjuration/Earth            3
   d - Petrify                        Transmutation/Earth          4
   e - Lee's Rapid Deconstruction     Earth                        5
Comestibles
 d - 2 meat rations
 n - a chunk of flesh
 q - a royal jelly


   Skills:
 + Level 1.0 Fighting
 + Level 3.5 Short Blades
 + Level 3.5 Dodging
 + Level 4.7 Stealth
 + Level 4.9 Spellcasting
 + Level 1.2 Conjurations
 + Level 2.2 Transmutations
 + Level 5.0 Earth Magic


You had one spell level left.
You knew the following spells:

 Your Spells              Type           Power        Failure   Level  Hunger
a - Sandblast             Erth           ###...       1%          1    None
b - Passwall              Tmut/Erth      ###.......   4%          2    #......
c - Stone Arrow           Conj/Erth      ###...       11%         3    ##.....
d - Petrify               Tmut/Erth      ###.....     28%         4    ####...
e - Lee's Rapid Deconstr  Erth           ###.......   41%         5    ######.


Dungeon Overview and Level Annotations

Branches:
Dungeon (5/15)
 Temple: D:4-7

Altars:
Cheibriados
Elyvilon
Gozag
Hepliaklqana
Okawaru
Trog
Yredelemnul


Innate Abilities, Weirdness & Mutations

You are small and have problems with some larger weapons.
You are carnivorous and can eat meat at any time.
You are partially covered in iridescent scales. (AC +2)
You are frail. (-10% HP)


Message History

The gnoll shouts!
The gnoll hits you with a flail! The gnoll closely misses you.
The gnoll shouts! 2 gnolls come into view.
Casting: Petrify
Confirm with . or Enter, or press ? or * to list all spells.
Which direction?
That's not a passable wall.
You struggle against the net.
The gnoll shouts! x4; You hear a shout!
The gnoll shouts! x3; You hear a shout! x4
The gnoll moves out of view.
The gnoll hits you with a flail. The gnoll hits you.
The gnoll moves out of view.
The gnoll barely misses you.
You struggle against the net.
The gnoll hits you with a flail. The gnoll closely misses you.
The gnoll hits you with a whip.
* * * LOW HITPOINT WARNING * * *
As you read the scroll labeled SICHUPI MAGRI, it crumbles to dust.
You feel strangely unstable.
It was a scroll of teleportation.
The gnoll hits you but does no damage. The gnoll barely misses you.
The gnoll hits you with a flail!
You die...

#.# # ##.# #...##.# #.##.#
#.######.#...##.#.##.######.##.##
...............)).)..............
≈≈≈≈≈≈≈≈≈≈≈≈≈....÷≈≈≈≈≈≈≈≈≈≈≈≈≈≈≈
≈≈≈≈≈≈≈≈≈≈≈≈≈....≈≈≈≈≈≈≈≈≈≈≈≈≈≈≈≈
#≈≈≈≈≈≈≈≈≈≈≈≈....≈≈≈≈≈≈≈≈≈≈≈≈####
#............................#...
#############''''#############...
# #.gg@# #'## ...'..ggg.....+
#g#. ####...g####### #. ##gg## #.


ggg. #. gOgg. #. .gg.g. #. ...... #. #.#. You could see an ogre, a gnoll shaman
and 16 gnolls.

Vanquished Creatures
  The ghost of GlassEater the Conjurer, an amateur KoCj (D:4)
  An orc warrior (D:3)
  2 hounds
  4 worker ants (D:4)
  3 orc wizards
  A hound zombie (D:5)
  5 gnolls
  6 adders
  4 worms (D:4)
  3 dart slugs
  8 leopard geckos
  13 orcs
  A giant cockroach (D:1)
  7 goblins
  10 hobgoblins
  13 jackals
  2 quokkas (D:4)
  3 bats
  3 frilled lizards
  2 kobolds
  7 rats
99 creatures vanquished.

Vanquished Creatures (others)
  A plant (D:5)
1 creature vanquished.

Grand Total: 100 creatures vanquished

Notes
Turn   | Place    | Note
-------+----------+-------------------------------------------
     0 | D:1      | GlassEater the Kobold Earth Elementalist began the quest for the Orb.
     0 | D:1      | Reached XP level 1. HP: 10/10 MP: 3/3
    56 | D:1      | Reached XP level 2. HP: 15/15 MP: 1/5
   429 | D:1      | Reached XP level 3. HP: 12/19 MP: 1/6
   486 | D:1      | Learned a level 2 spell: Passwall
   490 | D:1      | Learned a level 3 spell: Stone Arrow
  1147 | D:1      | Reached XP level 4. HP: 15/24 MP: 1/8
  2281 | D:3      | Found a basalt altar of Yredelemnul.
  2281 | D:3      | Found an iron altar of Okawaru.
  2288 | D:3      | Found a snail-covered altar of Cheibriados.
  2290 | D:3      | Found a faded altar of an unknown god.
  2296 | D:3      | Found a faded altar of an unknown god.
  2335 | D:3      | Found an opulent altar of Gozag.
  2469 | D:3      | You fall through a shaft!
  2775 | D:3      | Reached skill level 1 in Short Blades
  3055 | D:3      | Reached XP level 5. HP: 28/28 MP: 3/10
  3259 | D:4      | Found a hazy altar of Hepliaklqana.
  3358 | D:4      | Reached skill level 4 in Earth Magic
  3526 | D:4      | Reached XP level 6. HP: 33/33 MP: 0/11
  3619 | D:4      | Learned a level 4 spell: Petrify
  4194 | D:4      | Noticed an orc warrior
  4463 | D:3      | Killed an orc warrior
  4463 | D:3      | Reached XP level 7. HP: 37/37 MP: 5/13
  4555 | D:4      | Noticed a moth of wrath
  4771 | D:4      | Noticed GlassEater's ghost (amateur KoCj)
  4778 | D:4      | Killed GlassEater's ghost
  5156 | D:4      | Found a white marble altar of Elyvilon.
  5199 | D:4      | Found a bloodstained altar of Trog.
  5350 | D:4      | Learned a level 5 spell: Lee's Rapid Deconstruction
  5383 | D:5      | Entered Level 5 of the Dungeon
  5399 | D:5      | Reached skill level 1 in Conjurations
  5399 | D:5      | Reached skill level 5 in Earth Magic
  6148 | D:5      | Gained mutation: You are frail. (-10% HP) [potion of mutation]
  6148 | D:5      | Gained mutation: You are partially covered in iridescent scales. (AC +2) [potion of mutation]
  6158 | D:5      | Reached XP level 8. HP: 37/37 MP: 7/15
  6180 | D:5      | Reached skill level 1 in Fighting
  6322 | D:5      | Slain by a gnoll

Vault maps used:
D:1:      lightli_iron_boxes, minmay_surrounded
D:3:      grunt_gozag_statues, chequers_temple_overflow_minitemple, first_bread
D:4:      tgw_trog, nicolae_overflow_crystal_walls, lemuel_doored_altar
D:5:      lemuel_castle_with_subvaults, minivault_23

Skill      XL: |  1  2  3  4  5  6  7  8 |
---------------+-------------------------+-----
Stealth        | 3 4 |  4.7
Spellcasting   | 3 4 |  4.9
Short Blades   | 1 2 3 |  3.5
Earth Magic    | 4 5 |  5.0
Dodging        | 3 |  3.5
Transmutations | 2 |  2.2
Conjurations   | 1 |  1.2
Fighting       | 1 |  1.0

Action                   |  1- 3 |  4- 6 |  7- 9 || total
-------------------------+-------+-------+-------++-------
Melee: Short sword       |    41 |   134 |    68 ||   243
       Unarmed           |     1 |       |       ||     1
 Cast: Sandblast         |    25 |    20 |     8 ||    53
       Stone Arrow       |     3 |    28 |    16 ||    47
       Passwall          |     3 |     4 |       ||     7
       Petrify           |       |    10 |    17 ||    27
  Use: Scroll            |       |       |     6 ||     6
       Potion            |       |       |     1 ||     1
 Stab: Sleeping          |     2 |     2 |     2 ||     6
       Petrified         |       |    11 |    11 ||    22
  Eat: Chunk             |    14 |    15 |    12 ||    41
Armor: Robe              |     5 |    27 |    12 ||    44
Dodge: Dodged            |    45 |   145 |    75 ||   265
